 Dungeon Crawl Stone Soup version 0.28-a0-586-gbdb9d174a4 (webtiles) character file.

Game seed: 12605927205894398549

1197 Astera the Cudgeller (level 8, 0/65 HPs)
             Began as a Palentonga Fighter on Oct 3, 2021.
             Was a Priest of the Shining One.
             Killed from afar by Blork the orc (7 damage)
             ... with a puff of frost
             ... on level 6 of the Dungeon.
             The game lasted 00:15:23 (4728 turns).

Astera the Cudgeller (Palentonga Fighter)           Turns: 4728, Time: 00:15:23

Health: 0/65       AC: 17    Str: 21    XL:     8   Next: 20%
Magic:  8/8        EV:  8    Int:  8    God:    the Shining One [***...]
Gold:   561        SH:  4    Dex: 11    Spells: 7/7 levels left

rFire   . . .      SeeInvis +   a - +0 flail
rCold   . . .      Faith    .   c - +0 buckler
rNeg    + . .      Spirit   .   b - +0 scale mail
rPois   .          Reflect  .   v - +0 helmet
rElec   .          Harm     .   B - +1 cloak
rCorr   .          Rampage  .   (no gloves)
Will    .....                   (no barding)
Stlth   ..........              p - amulet of regeneration
HPRegen 1.20/turn               j - ring of flight
MPRegen 0.11/turn               (no ring)

@: flying, glowing, curled up
A: large, rugged brown scales 3, see invisible, deformed body, roll 1, armoured
tail, reflexive curl
a: Rolling Charge, Renounce Religion, Divine Shield


You were on level 6 of the Dungeon.
You worshipped the Shining One.
The Shining One was most pleased with you.
You visited 1 branch of the dungeon, and saw 6 of its levels.
You also visited: Ossuary.

You collected 561 gold pieces.

Inventory:

Hand Weapons
 a - a +0 flail (weapon)
Missiles
 D - a throwing net
Armour
 b - a +0 scale mail (worn)
 c - a +0 buckler (worn)
 v - a +0 helmet (worn)
 y - a +0 plate armour
 B - a +1 cloak (worn)
 I - a +0 kite shield
Jewellery
 j - a ring of flight (left hand)
 p - an amulet of regeneration (around neck)
 q - a ring of fire
 C - a +4 ring of evasion
Wands
 F - a wand of acid (5)
 G - a wand of paralysis (11)
 J - a wand of charming (7)
Scrolls
 e - a scroll of enchant weapon {unknown}
 f - a scroll of holy word {unknown}
 h - a scroll of brand weapon {unknown}
 k - 5 scrolls of noise {unknown}
 n - 4 scrolls of identify {unknown}
 o - 4 scrolls of teleportation {unknown}
 s - 2 scrolls of immolation
 t - 5 scrolls of enchant armour {unknown}
 w - a scroll of vulnerability {unknown}
 A - a scroll of acquirement {unknown}
 H - a scroll of fear {unknown}
Potions
 d - 2 potions of might
 g - 7 potions of curing {unknown}
 i - a potion of resistance {unknown}
 l - 2 potions of mutation {unknown}
 m - 2 potions of attraction {unknown}
 r - 2 potions of cancellation {unknown}
 u - a potion of lignification {unknown}
 x - 4 potions of heal wounds {unknown}
 z - 2 potions of flight {unknown}
 E - a potion of haste {unknown}


   Skills:
 + Level 4.8 Fighting
 + Level 7.0 Maces & Flails
 + Level 4.6 Armour
 + Level 2.0 Dodging
 + Level 3.1 Shields


You had 7 spell levels left.
You didn't know any spells.
Your spell library contained the following spells:

 Spells                   Type           Power      Damage    Failure   Level
 Freeze                   Ice            0%         1d3       75%         1
 Static Discharge         Conj/Air       0%         N/A       86%         2
 Conjure Flame            Conj/Fire      0%         6-21      98%         3
 Frozen Ramparts          Ice            0%         1d2       98%         3
 Ignite Poison            Fire/Tmut/Pois 0%         N/A       98%         3
 Dispel Undead            Necr           0%         3d6       100%        4
 Hailstorm                Conj/Ice       0%         3d3       100%        4
 Sticky Flame             Conj/Fire      0%         2d3       100%        4
 Chain Lightning          Conj/Air       0%         N/A       100%        9
 Fire Storm               Conj/Fire      0%         5d1       100%        9
 Shatter                  Erth           0%         3d5*      100%        9


Dungeon Overview and Level Annotations

Branches:
Dungeon (6/15)            Ossuary (visited)
 Temple: D:4-7

Altars:
Xom
The Shining One
Beogh
Lugonu

Portals:
Abyss: D:3

Annotations:
D:6 Blork the orc


Innate Abilities, Weirdness & Mutations

You are completely covered in rugged brown scales. (AC +3, +7% HP)
You have supernaturally acute eyesight. (SInv)
Armour fits poorly on your strangely shaped body.
You can roll at nearby foes to attack.
You have a long armoured tail.
You curl defensively after being hit.


Message History

You hit the hound but do no damage.
The hound is moderately wounded.
The hound barely misses you.
Blork the orc hits you from afar with a +0 glaive.
You hit the hound but do no damage.
The hound is moderately wounded.
The hound barely misses you. You block Blork the orc's attack.
The hound bites you but does no damage. You block Blork the orc's attack.
You closely miss the hound.
The hound is moderately wounded.
The hound bites you but does no damage. Blork the orc barely misses you.
You sock the hound!
You kill the hound!
Blork the orc completely misses you. Blork the orc casts a spell at you.
The puff of flame hits you.
Your Maces & Flails skill increases to level 7!
Your Dodging skill increases to level 2!
You roll forward with a clatter of scales!
You hit Blork the orc but do no damage. Blork the orc barely misses you.
Blork the orc hits you with a +0 glaive!
You thump Blork the orc!
Blork the orc is moderately wounded.
Blork the orc hits you with a +0 glaive!
* * * LOW HITPOINT WARNING * * *
You hit Blork the orc.
Your tail-slap misses Blork the orc.
Blork the orc is moderately wounded.
Blork the orc hits you with a +0 glaive.
* * * LOW HITPOINT WARNING * * *
Blork the orc gestures at you while chanting.
The puff of flame hits you! The Shining One protects you from harm!
Blork the orc barely misses you. Blork the orc casts a spell at you.
The magic dart hits you.
* * * LOW HITPOINT WARNING * * *
Blork the orc looks satisfied for a moment.
Blork the orc gestures at you while chanting.
The puff of frost hits you!
You die...

####....#.......# #.#...
#.##.######..# #.#.#.
####. #.# #..# #.###.
####.... #.# #..####.....
....... #.# ##....######
....... #. #..#.#..
....... #..#.#.#
.......######## #....#.#
.......o...@..# #....#.#
.......######.#.###...#.#
....... #.#.....>...#
....... #.######.####
####### #.........#
#####.....# #.###.#
#.###.# #.....#


You could see Blork the orc (fast).

Vanquished Creatures
  A sky beast (D:6)
  2 ogres
  2 phantoms (D:5)
  A kobold brigand (D:5)
  3 scorpions (D:5)
  A howler monkey (D:4)
  A bullfrog skeleton (D:6)
  3 hounds
  A centaur skeleton (D:6)
  An iguana (D:5)
  8 mummies (Ossuary)
  7 gnolls
  6 adders
  A shadow imp (D:6)
  A white imp (D:5)
  3 worms
  2 dart slugs
  7 orcs
  8 ball pythons
  5 endoplasms
  3 giant cockroaches (D:1)
  6 goblins
  7 hobgoblins
  8 jackals
  16 kobolds
  6 quokkas
  3 bats
  2 frilled lizards
  2 gnoll zombies (Ossuary)
  3 hobgoblin zombies (Ossuary)
  A kobold zombie (Ossuary)
  2 orc zombies (Ossuary)
  2 quokka zombies (D:4)
  6 rats
131 creatures vanquished.

Notes
Turn   | Place    | Note
-------+----------+-------------------------------------------
     0 | D:1      | Astera the Palentonga Fighter began the quest for the Orb.
     0 | D:1      | Reached XP level 1. HP: 19/19 MP: 1/1
   328 | D:1      | Reached XP level 2. HP: 25/25 MP: 2/2
   472 | D:1      | Found a faded altar of an unknown god.
   484 | D:1      | Became a worshipper of the Shining One
   484 | D:1      | Reached * piety under the Shining One
  1133 | D:2      | Reached XP level 3. HP: 28/31 MP: 3/3
  1675 | D:2      | Reached skill level 3 in Maces & Flails
  1677 | D:2      | Reached XP level 4. HP: 37/37 MP: 4/4
  1851 | D:2      | Found a shimmering altar of Xom.
  2526 | D:3      | Found a large runed translucent door.
  2526 | D:3      | Found a large runed translucent door.
  2531 | D:3      | Found a corrupted altar of Lugonu.
  2575 | D:3      | Found a one-way gate to the infinite horrors of the Abyss.
  3056 | D:4      | Noticed an ogre
  3056 | D:4      | Reached ** piety under the Shining One
  3108 | D:4      | Reached XP level 5. HP: 42/44 MP: 5/5
  3135 | D:4      | Found a sand-covered staircase.
  3152 | Ossuary  | Entered an ossuary
  3201 | Ossuary  | Reached skill level 4 in Maces & Flails
  3246 | Ossuary  | Reached *** piety under the Shining One
  3260 | Ossuary  | Reached skill level 1 in Dodging
  3294 | Ossuary  | Reached XP level 6. HP: 43/51 MP: 6/6
  3561 | D:4      | Reached skill level 5 in Maces & Flails
  3907 | D:5      | Entered Level 5 of the Dungeon
  3963 | D:5      | Gained mutation: You curl defensively after being hit.
                  | [Palentonga growth]
  3963 | D:5      | Reached XP level 7. HP: 29/57 MP: 7/7
  4123 | D:5      | Reached skill level 6 in Maces & Flails
  4504 | D:6      | Reached XP level 8. HP: 65/65 MP: 8/8
  4707 | D:6      | Noticed Blork the orc
  4722 | D:6      | Reached skill level 7 in Maces & Flails
  4724 | D:6      | The Shining One protects you from harm!
  4728 | D:6      | Killed from afar by Blork the orc

Illustrated notes

Levels and vault maps discovered:
D:1:      ncdulo_halloftheorcs, layout_loops_ring,
          hellmonk_ecumenical_altar_defaced_shrine
D:2:      layout_basic, basic_altar, serial_rivers,
          chequers_serial_rivers_room_a, chequers_serial_rivers_small_b,
          chequers_serial_rivers_marsh, chequers_serial_rivers_micro_d
D:3:      due_chaos_kobolds, layout_loops_ring
D:4:      layout_cave_pools, enter_ossuary_4, serial_glass, glass_columns_a,
          glass_columns_a
D:5:      layout_cave_pools
D:6:      layout_basic, nicolae_water_bricks, uniq_blork_the_orc

Skill      XL: |  1  2  3  4  5  6  7  8 |
---------------+-------------------------+-----
Armour         | 3 4 |  4.6
Maces & Flails | 3 4 5 6 7 |  7.0
Dodging        | 1 2 |  2.0
Fighting       | 4 |  4.8
Shields        | 3 |  3.1

Action                   |  1- 3 |  4- 6 |  7- 9 || total
-------------------------+-------+-------+-------++-------
Melee: Flail             |    78 |   183 |   118 ||   379
       Tailslap          |     2 |    19 |    11 ||    32
 Abil: Rolling Charge    |    15 |    18 |     6 ||    39
  Use: Scroll            |       |     2 |       ||     2
Armor: Scale mail        |    34 |    69 |    74 ||   177
Dodge: Dodged            |    22 |    42 |    64 ||   128
Block: Buckler           |    10 |    30 |    26 ||    66

Table legend: (Time is in decaauts)
 A = Elapsed time spent in this place.
 B = Non-inter-level travel time spent in this place.
 C = Inter-level travel time spent in this place.
 D = Time resting spent in this place.
 E = Time spent auto-exploring this place.
 F = Levels seen in this place.
 G = Mean time per level.
                   A        B        C        D        E       F      G
               +--------+--------+--------+--------+--------+-----+--------+
         Total |   4800 |   4633 |    167 |    107 |   3219 |   7 |  685.7 |
       Dungeon |   4515 |   4348 |    167 |    107 |   3195 |   6 |  752.5 |
       Ossuary |    285 |    285 |      0 |      0 |     24 |   1 |  285.0 |
               +--------+--------+--------+--------+--------+-----+--------+

Top non-repeatable levels by time:
     D:2: 1184 daAuts
     D:3: 1033 daAuts
     D:1: 860 daAuts
     D:5: 603 daAuts
     D:4: 601 daAuts
 Ossuary: 285 daAuts
     D:6: 232 daAuts
